 Dungeon Crawl Stone Soup version 0.21.1-1-g345015f (webtiles) character file.

389 ponchio the Skirmisher (level 6, 0/41 HPs)
             Began as a Gargoyle Fighter on Mar 3, 2018.
             Killed by divine providence
             ... invoked by an orc priest
              (16 damage)
             ... on level 3 of the Dungeon.
             The game lasted 00:14:52 (3008 turns).

ponchio the Skirmisher (Gargoyle Fighter)           Turns: 3008, Time: 00:14:53

Health: 0/41       AC: 12    Str: 19    XL:     6   Next: 79%
Magic:  6/6        EV:  8    Int:  9    God:
Gold:   97         SH: 14    Dex: 11    Spells: 5/5 levels left

rFire    . . .     SeeInvis .   a - +0 flail
rCold    . . .     Gourm    .   c - +0 shield
rNeg     + . .     Faith    .   l - +0 ring mail
rPois    ∞         Spirit   .   o - +0 helmet
rElec    +         Reflect  +   (no cloak)
rCorr    .         Harm     .   e - +0 pair of gloves
MR       .....                  (no boots)
Stlth    +.........             n - +5 amulet of reflection
HPRegen  0.13/turn              (no ring)
MPRegen  0.10/turn              (no ring)

@: no status effects
A: negative energy resistance 1, electricity resistance, unbreathing,
petrification resistance, rot immunity, AC +4
a: no special abilities


You were on level 3 of the Dungeon.
You were hungry.

You visited 1 branch of the dungeon, and saw 4 of its levels.

You collected 97 gold pieces.

Inventory:

Hand Weapons
 a - a +0 flail (weapon)
Armour
 c - a +0 shield (worn)
 e - a +0 pair of gloves (worn)
 l - a +0 ring mail (worn)
 o - a +0 helmet (worn)
Jewellery
 n - a +5 amulet of reflection (around neck)
Scrolls
 h - a scroll of enchant armour {unknown}
 i - a scroll of blinking
 j - 2 scrolls of identify
 m - 3 scrolls of teleportation
 u - a scroll of remove curse
Potions
 d - a potion of might
 g - a potion of curing
 k - 2 potions of heal wounds
 p - a potion of flight
 q - 3 potions of brilliance
 r - a potion of lignification
Comestibles
 b - a chunk of flesh
 f - 5 rations


   Skills:
 + Level 6.0 Fighting
 + Level 4.9 Maces & Flails
 - Level 3.2 Armour
 + Level 3.9 Shields


You had 5 spell levels left.
You didn't know any spells.

Dungeon Overview and Level Annotations

Branches:
Dungeon (4/15)
 Temple: D:4-7

Altars:
Kikubaaqudgha
Makhleb
Zin

Annotations:
D:4 Sigmund


Innate Abilities, Weirdness & Mutations

You are resistant to torment.
Your stone body is resilient. (AC +4)
You are immune to poison.
You resist negative energy. (rN+)
You are resistant to electric shocks. (rElec)
You can survive without breathing.
You are immune to petrification.
You are immune to rotting.


Message History

Something hits you.
There is a stone staircase leading up here.
Something hits you!
You climb upwards.
There is a stone staircase leading down here.
You start resting.
You are too injured to fight recklessly!
You block the orc priest's attack.
You completely miss the orc priest. You block the orc priest's attack.
You sock the orc priest!
The orc priest is almost dead.
The orc priest hits you but does no damage.
You closely miss the orc priest.
The orc priest is almost dead.
The orc priest casts a cantrip, but nothing happens.
Your shield prevents you from hitting the orc priest.
The orc priest is almost dead.
The orc priest invokes the aid of Beogh against you.
Beogh smites you!
You die...

...# #.##..#..# ######
.#########.###.#..# #....#
.##..........#....#### #.##.#
.##..........##...##.######.##.#
.##..........##...#.....)....†.#
.#########.####...##.######.####
.# #........##.# #.#
.#############.o..##.# #.#
.##.........##.#@.##.# #.#####
.##............#.>##.# #......
.##.........####.###.# #######
..'..........(...# #.#
###.........########.##
#...................#
###..........#######..#
.##...)..)...# #..#
.#########.#.#######..#


You could see an orc priest.

Vanquished Creatures
  An orc warrior (D:3)
  The ghost of BenDover the Poker, an amateur DsMo (D:3)
  A centaur zombie (D:2)
  An orc priest (D:2)
  A worker ant (D:4)
  4 adders
  An ooze (D:3)
  A worm (D:2)
  A dart slug (D:1)
  A leopard gecko (D:2)
  7 orcs
  3 giant cockroaches
  9 goblins
  5 hobgoblins
  11 jackals
  5 kobolds
  A quokka (D:2)
  A ball python (D:3)
  13 bats
  8 frilled lizards
  7 rats
83 creatures vanquished.

Notes
Turn   | Place    | Note
-------+----------+-------------------------------------------
     0 | D:1      | ponchio the Gargoyle Fighter began the quest for the Orb.
     0 | D:1      | Reached XP level 1. HP: 14/14 MP: 1/1
   106 | D:1      | Reached XP level 2. HP: 19/19 MP: 2/2
   388 | D:1      | Reached XP level 3. HP: 24/24 MP: 3/3
   448 | D:1      | Reached skill level 4 in Fighting
   804 | D:2      | Reached XP level 4. HP: 28/30 MP: 4/4
  1044 | D:2      | Found a glowing silver altar of Zin.
  1044 | D:2      | Found a burning altar of Makhleb.
  1045 | D:2      | Noticed a green death
  1045 | D:2      | Noticed an angel
  1338 | D:2      | Reached skill level 5 in Fighting
  1338 | D:2      | Reached XP level 5. HP: 23/35 MP: 5/5
  1491 | D:3      | Noticed an orc warrior
  1778 | D:3      | Found an ancient bone altar of Kikubaaqudgha.
  1827 | D:3      | Found a faded altar of an unknown god.
  2018 | D:3      | Noticed BenDover's ghost (amateur DsMo)
  2075 | D:3      | Killed BenDover's ghost
  2075 | D:3      | Reached XP level 6. HP: 31/40 MP: 6/6
  2341 | D:3      | Killed an orc warrior
  2966 | D:4      | Reached skill level 6 in Fighting
  2969 | D:4      | Noticed Sigmund
  2971 | D:4      | Noticed a phantom
  3008 | D:3      | Killed from afar by an orc priest

Skill      XL: |  1  2  3  4  5  6 |
---------------+-------------------+-----
Fighting       | 4 5 6 |  6.0
Maces & Flails | 3 4 |  4.9
Armour         | |  3.2
Shields        | |  3.9

Action                   |  1- 3 |  4- 6 || total
-------------------------+-------+-------++-------
Melee: Flail             |   176 |   191 ||   367
  Use: Scroll            |       |     9 ||     9
       Potion            |       |     1 ||     1
 Stab: Invisible         |       |     1 ||     1
  Eat: Chunk             |       |     7 ||     7
Armor: Scale mail        |   160 |    30 ||   190
       Ring mail         |       |    34 ||    34
Dodge: Dodged            |    77 |    53 ||   130
Block: Shield            |   113 |   143 ||   256
       Reflection        |       |     5 ||     5
